 Dungeon Crawl Stone Soup version 0.30-a0-166-g5d06c95188 (webtiles) character file.

Game seed: 13611656698719902726

54 qw the Chopper (level 3, -3/23 HPs)
             Began as a Gargoyle Fighter on Sept 28, 2022.
             Slain by an orc
             ... wielding a +0 mace
              (7 damage)
             ... on level 3 of the Dungeon.
             The game lasted 00:00:30 (1586 turns).

qw the Chopper (Gargoyle Fighter)                   Turns: 1586, Time: 00:00:30

Health: -3/23      AC: 10    Str: 21    XL:     3   Next: 91%
Magic:  3/3        EV:  9    Int:  8    God:
Gold:   47         SH:  0    Dex:  9    Spells: 2/2 levels left

rFire   . . .      SeeInvis .    Y - +0 war axe
rCold   . . .      Faith    .    c - +0 buckler
rNeg    + . .      Spirit   .    b - +0 scale mail
rPois   inf        Reflect  .    (no helmet)
rElec   +          Harm     .    (no cloak)
rCorr   .          Rampage  .    (no gloves)
Will    .....                    (no boots)
Stlth   ..........               (no amulet)
HPRegen 0.07/turn                (no ring)
MPRegen 0.08/turn                (no ring)

@: confused
A: sickness immunity, AC +3, negative energy resistance 1, electricity
resistance, torment resistance 1, petrification resistance
a: no special abilities


You were on level 3 of the Dungeon.
You visited 1 branch of the dungeon, and saw 3 of its levels.

You collected 47 gold pieces.


Innate Abilities, Weirdness & Mutations

You are immune to sickness and miasma.
Your stone body is resilient. (AC +3)
You are immune to poison.
You resist negative energy. (rN+)
You are resistant to electric shocks. (rElec)
You are resistant to unholy torment.
You are immune to petrification.


   Skills:
 - Level 3.2 Fighting
 + Level 3.7 Axes
 - Level 3.2 Armour
 - Level 3.2 Shields


You had 2 spell levels left.
You didn't know any spells.
Your spell library was empty.

Inventory:

Hand Weapons
 g - a +0 club
 Y - a +0 war axe (weapon)
Armour
 b - a +0 scale mail (worn)
 c - a +0 buckler (worn)
Scrolls
 a - a scroll of identify {unknown}
Potions
 d - a potion of might
 e - a potion of brilliance {unknown}

Dungeon Overview and Level Annotations

Branches:
Dungeon (3/15)

Altars:
Gozag

Shops:
D:1 :


Message History

You barely miss the orc wizard.
The orc wizard is moderately wounded.
You barely miss the orc.
The orc wizard hits you but does no damage.
The orc closely misses you. The orc hits you but does no damage.
The orc wizard points at you and mumbles some strange words.
The puff of flame misses you. The orc hits you but does no damage.
The orc barely misses you.
You barely miss the orc wizard.
The orc wizard is moderately wounded.
You hit the orc but do no damage.
The orc wizard hits you but does no damage.
The orc hits you but does no damage. The orc closely misses you.
You slash the orc wizard!
The orc wizard is almost dead.
You hit the orc.
The orc wizard gestures at you while chanting.
You are confused.
The orc hits you but does no damage. The orc barely misses you.
You bump into the rock wall.
The orc wizard points at you and mumbles some strange words.
You are more confused.
The orc hits you from afar with a +0 trident.
The orc barely misses you.
You barely miss the orc wizard.
The orc wizard is almost dead.
You hit the orc.
The orc priest calls down the wrath of Beogh upon you.
Beogh smites you!
The orc wizard hits you but does no damage.
The orc barely misses you. The orc misses you.
The orc wizard closely misses you.
The orc hits you from afar with a +0 trident.
The orc barely misses you.
You miss the orc wizard.
The orc wizard is almost dead.
You miss the orc. The orc wizard casts a spell at you.
The puff of flame hits you. The orc hits you with a +0 mace!
You die...

###.# #...........#
#.#####...#######.#
#.........# #.#
#######...# #.#
#..## ####.# #..#
#....# #..# #.####
...#####o######
##.##ooo@¤....#
.##¤¤¤~¤¤¤..#
#.¤~¤¤¤¤¤..#
#.¤¤~_¤¤~....
#..~~>}~¤.###
#..¤~~~~¤.#
#..~~~~¤¤..
.........¤..


You could see an orc priest, an orc wizard and 2 orcs.

Vanquished Creatures
  An adder (D:2)
  2 worms (D:2)
  An orc (D:3)
  2 endoplasms
  4 giant cockroaches (D:1)
  4 goblins
  3 hobgoblins
  3 jackals (D:1)
  A quokka (D:1)
  6 ball pythons
  5 bats
  A frilled lizard (D:1)
  A kobold (D:1)
  2 rats (D:1)
36 creatures vanquished.

Vanquished Creatures (others)
  9 plants
9 creatures vanquished.

Grand Total: 45 creatures vanquished

Notes
Turn   | Place    | Note
-------+----------+-------------------------------------------
     0 | D:1      | qw the Gargoyle Fighter began the quest for the Orb.
     0 | D:1      | Reached XP level 1. HP: 14/14 MP: 1/1
     0 | D:1      | 0 ||| qw: Version: 0.2-a-12-gaebbb33
     0 | D:1      | 0 ||| qw: Game counter: 977
     0 | D:1      | 0 ||| qw: Always use a shield: true
     0 | D:1      | 0 ||| qw: God list: Okawaru
     0 | D:1      | 0 ||| qw: Allow faded altars: false
     0 | D:1      | 0 ||| qw: Do Orc after D:15 true
     0 | D:1      | 0 ||| qw: Do second Lair branch before Depths: true
     0 | D:1      | 0 ||| qw: Lair rune preference: random
     0 | D:1      | 0 ||| qw: Plans: Normal, Zot:1-4, God:TSO, Crypt, Tomb,
                  | Pan, Slime:5, Hells, Abyss, Orb
     0 | D:1      | 0 ||| PLANNING D:1-11
   163 | D:1      | Found a faded altar of an unknown god.
   291 | D:1      | Reached XP level 2. HP: 16/19 MP: 2/2
   713 | D:1      | Reached skill level 3 in Axes
   722 | D:1      | Found Ruvyerph's Vocational Training.
   735 | D:1      | Reached XP level 3. HP: 23/23 MP: 3/3
   961 | D:1      | 961 ||| READING scroll labelled YMEWEI WEFRO.
  1542 | D:2      | You fall into a shaft and drop 1 floor!
  1570 | D:3      | Found an opulent altar of Gozag.
  1571 | D:3      | 1571 ||| Stepping ~*~*~tactically~*~*~ (stealth).
  1586 | D:3      | HP: 4/23 [orc wizard/puff of flame (3)]
  1586 | D:3      | Slain by an orc

Levels and vault maps discovered:
D:1:      sevenhm_arrival_forest_fort_small_4, layout_basic, serial_bayou,
          serial_bayou_pond_c, serial_bayou_lake_a, serial_bayou_shore_b,
          serial_bayou_pond_e, ebering_ecumenical_altar_petrified,
          nicolae_shop_vocational
D:2:      layout_loops_ring
D:3:      layout_loops_ring, general_overflow_altar,
          mainiacjoe_overflow_catwalk, chequers_big_river

Skill      XL: |  1  2 |
---------------+-------+-----
Axes           | 2 3 |  3.7
Fighting       | |  3.2
Armour         | |  3.2
Shields        | |  3.2

Action                   || total
-------------------------++-------
Melee: War axe           ||   142
  Use: Scroll            ||     1
Armor: Scale mail        ||    84
Dodge: Dodged            ||    73
Block: Buckler           ||    25

Table legend:
 A = Non-vault XP
 B = Vault XP
 C = Vault XP percentage of total XP
 D = Non-vault monster count
 E = Vault monster count
 F = Vault count percentage of total count
                 A         B        C        D         E       F
            +---------+---------+-------+---------+---------+-------
      Total |      78 |       0 |   0.0 |      36 |       0 |   0.0
            +---------+---------+-------+---------+---------+-------
        D:1 |      37 |       0 |   0.0 |      23 |       0 |   0.0
        D:2 |      38 |       0 |   0.0 |      12 |       0 |   0.0
        D:3 |       3 |       0 |   0.0 |       1 |       0 |   0.0
            +---------+---------+-------+---------+---------+-------
